 Dungeon Crawl Stone Soup version 0.25-a0-578-gc91f01c39c (webtiles) character file.

Game seed: 11485995056929478781, levelgen mode: classic

15262 EnegeticOcto the Cleaver (level 11, 0/108 HPs)
             Began as a Deep Dwarf Fighter on Mar 5, 2020.
             Was a Priest of Makhleb.
             Hit by a large rock thrown by a cyclops (19 damage)
             ... on level 11 of the Dungeon.
             The game lasted 00:05:51 (6740 turns).

EnegeticOcto the Cleaver (Deep Dwarf Fighter)       Turns: 6740, Time: 00:05:52

Health: 0/108      AC: 17    Str: 27    XL:     11   Next: 99%
Magic:  0/0        EV:  7    Int:  9    God:    Makhleb [***...]
Gold:   324        SH: 12    Dex: 12    Spells: 10/10 levels left

rFire    . . .     SeeInvis .   a - +1 war axe
rCold    . . .     Gourm    .   c - +0 kite shield
rNeg     . . .     Faith    .   d - +0 chain mail
rPois    .         Spirit   .   w - +2 helmet
rElec    .         Reflect  .   (no cloak)
rCorr    .         Harm     .   t - +0 pair of gloves
MR       ++...                  x - +0 pair of boots
Stlth    ..........             (no amulet)
HPRegen  0.00/turn              s - +4 ring of strength
MPRegen  0.07/turn              p - ring of protection from magic

@: non-regenerating
A: damage resistance, heal wounds, sense surroundings 2, no regeneration
a: Heal Wounds, Minor Destruction, Lesser Servant of Makhleb, Renounce Religion


You were on level 11 of the Dungeon.
You worshipped Makhleb.
Makhleb was most pleased with you.
You were not hungry.

You visited 2 branches of the dungeon, and saw 12 of its levels.

You collected 424 gold pieces.
You spent 100 gold pieces at shops.

Inventory:

Hand Weapons
 a - a +1 war axe (weapon)
Missiles
 f - a throwing net (quivered)
Armour
 c - a +0 kite shield (worn)
 d - a +0 chain mail (worn)
 t - a +0 pair of gloves (worn)
 w - a +2 helmet (worn)
 x - a +0 pair of boots (worn)
Jewellery
 p - a ring of protection from magic (right hand)
 s - a +4 ring of strength (left hand)
Wands
 y - a wand of clouds (4)
 B - a wand of digging (7) {@v2}
Scrolls
 b - a scroll of enchant weapon
 i - 3 scrolls of teleportation {@r2}
 l - a scroll of blinking {@r3}
 o - 4 scrolls of fear
 u - 7 scrolls of remove curse {@r6}
 z - 2 scrolls of identify {@r1}
Potions
 g - 5 potions of lignification {@q7}
 h - 4 potions of ambrosia
 j - 3 potions of stabbing {@q5}
 k - a potion of might {@q3}
 m - 3 potions of resistance {@q6}
 n - 2 potions of haste {@q4}
 q - a potion of berserk rage
 r - 3 potions of curing {@q1}
 A - a potion of cancellation {unknown}
Comestibles
 e - 18 rations
 v - 14 chunks of flesh


   Skills:
 * Level 10.0 Fighting
 * Level 11.5 Axes
 + Level 8.7 Armour
 + Level 8.6 Shields
 * Level 10.4 Invocations


You had 10 spell levels left.
You didn't know any spells.
Your spell library was empty.

Dungeon Overview and Level Annotations

Branches:
Dungeon (11/15)            Temple (1/1) D:7            Lair (0/6) D:8
    Orc (0/2) D:10

Altars:
Ashenzari
Cheibriados
Dithmenos
Elyvilon
Fedhas
Gozag
Makhleb
Nemelex Xobeh
Qazlal
Sif Muna
Trog
Uskayaw
Vehumet
Wu Jian
Xom
Yredelemnul
Zin

Shops:
D:5 *   D:9 *%

Annotations:
D:10 exclusion: obsidian statue, Sonja


Innate Abilities, Weirdness & Mutations

You are resistant to damage.
You can heal yourself by infusing magical energy.
You passively map the area around you.
You do not regenerate.


Message History

You miss the phantom.
The phantom is moderately damaged.
The phantom hits you but does no damage.
You slash the phantom!
The phantom is moderately damaged.
You block the phantom's attack.
You closely miss the phantom.
The phantom is moderately damaged.
You block the phantom's attack.
You miss the phantom.
The phantom is moderately damaged.
The phantom hits you.
The phantom blinks!
You slash the phantom!
The phantom is severely damaged.
The phantom hits you but does no damage.
You hit the phantom but do no damage.
The phantom is severely damaged.
The phantom closely misses you.
You closely miss the phantom.
The phantom is severely damaged.
You closely miss the phantom.
The phantom is severely damaged.
The phantom barely misses you.
A two-headed ogre comes into view.
It is wielding a +0 giant spiked club and a +0 dire flail.
The two-headed ogre shouts in stereo!
You hit the phantom.
The phantom is almost destroyed.
The phantom hits you but does no damage.
You slash the phantom!
You destroy the phantom!
Makhleb accepts your kill.
You feel better. You block the two-headed ogre's attack.
The two-headed ogre hits you but does no damage.
You slash the two-headed ogre!
The two-headed ogre is moderately wounded.
The two-headed ogre hits you with a +0 giant spiked club.
The two-headed ogre hits you but does no damage.
You hit the two-headed ogre.
The two-headed ogre is moderately wounded.
You block the two-headed ogre's attack.
The two-headed ogre hits you with a +0 dire flail!
You slice the two-headed ogre!!
The two-headed ogre is severely wounded.
You slash the two-headed ogre!
The two-headed ogre is severely wounded.
The two-headed ogre hits you with a +0 giant spiked club!
The two-headed ogre hits you with a +0 dire flail.
Your chain mail prevents you from hitting the two-headed ogre.
The two-headed ogre is severely wounded.
The two-headed ogre hits you with a +0 giant spiked club!
* * * LOW HITPOINT WARNING * * *
You block the two-headed ogre's attack.
You are too injured to fight recklessly!
You are too injured to fight recklessly!
You are too injured to fight recklessly!
You are too injured to fight recklessly!
You are too injured to fight recklessly!
You are too injured to fight recklessly!
You are too injured to fight recklessly!
You are too injured to fight recklessly!
You are too injured to fight recklessly!
You are too injured to fight recklessly!
You are too injured to fight recklessly!
You are too injured to fight recklessly!
You are too injured to fight recklessly!
You are too injured to fight recklessly!
You are too injured to fight recklessly!
You are too injured to fight recklessly!
You are too injured to fight recklessly!
You are too injured to fight recklessly!
You barely miss the two-headed ogre.
The two-headed ogre is severely wounded.
The two-headed ogre hits you with a +0 giant spiked club!
* * * LOW HITPOINT WARNING * * *
You block the two-headed ogre's attack.
You slash the two-headed ogre!
You kill the two-headed ogre!
Makhleb accepts your kill.
Your Fighting skill increases to level 10!
Things that are here:
a +0 giant spiked club; a +0 dire flail You butcher the adder corpse.
v - 7 chunks of flesh (gained 2)
You see here an adder skeleton. x2
g - 5 potions of lignification {@q7} (gained 1)
You see here an adder skeleton.
You butcher the steam dragon corpse.
v - 12 chunks of flesh (gained 5)
You see here a steam dragon skeleton. x2
You butcher the orc corpse.
v - 15 chunks of flesh (gained 3)
Items here: ( )) [ ÷÷ x2
You see here a silver javelin.
Eating one of 15 chunks of flesh.
You eat one of the 15 chunks of flesh.
This raw flesh tastes terrible.
u - 7 scrolls of remove curse {@r6} (gained 1)
The cyclops shouts!
The cyclops throws a large rock.
The large rock hits you!!
You die...

...#(.. ....####* #........
.#..C######...C#.. #........
...###########.#.# #........
..####)...####..<# #####'###
.###..÷.....###.(# #...#
.##(..#..#...##..# ###..
###.)##..##..###.# #####.
##[.##...}##..##.# #.....
##..##....##..##@# #.....
##..##....##..##.###########.....
##..##...=##..##).........<......
###..######..###.###########.....
.##...####...##..# ##.###
.###........###..# #.##
..###......###...# #..#
#..##......##..#.# ##.#
##.÷..........##.# #####.##


You could see a cyclops.

Vanquished Creatures
  Harold (D:9)
  3 two-headed ogres
  Urug (D:11)
  An unseen horror (D:10)
  2 ugly things (D:11)
  A cyclops (D:11)
  2 komodo dragons (D:11)
  A queen bee (D:8)
  2 hippogriffs
  21 yaks
  3 hungry ghosts
  A steam dragon (D:11)
  A vampire mosquito (D:8)
  Duvessa (D:4)
  2 ice beasts
  An orc warrior (D:9)
  5 phantoms
  A sky beast (D:8)
  A necrophage (D:9)
  An eye of draining (D:10)
  An ogre (D:8)
  8 centaurs
  A big kobold (D:7)
  4 bullfrogs
  Dowan (D:4)
  A wyvern skeleton (D:7)
  4 scorpions
  15 killer bees (D:8)
  8 wights
  8 crimson imps
  A bullfrog zombie (D:10)
  2 quasits
  A centaur zombie (D:10)
  2 jellies
  6 hounds
  A bullfrog skeleton (D:4)
  3 orc priests
  2 centaur skeletons
  3 iguanas
  8 orc wizards
  6 worker ants
  2 hound skeletons
  3 worker ant zombies
  6 gnolls
  7 adders
  4 shadow imps
  An adder skeleton (D:4)
  5 leopard geckos
  30 orcs
  2 giant cockroaches
  4 goblins
  2 hobgoblins
  4 jackals (D:10)
  8 quokkas
  3 bats
  A frilled lizard (D:5)
  A jackal zombie (D:5)
  7 kobolds
  A leopard gecko zombie (D:5)
  4 rats
233 creatures vanquished.

Vanquished Creatures (collateral kills)
  A two-headed ogre (D:11)
  A bullfrog (D:11)
  A bullfrog zombie (D:8)
  A worker ant (D:8)
4 creatures vanquished.

Vanquished Creatures (others)
  An orc (D:11)
1 creature vanquished.

Grand Total: 238 creatures vanquished

Notes
Turn   | Place    | Note
-------+----------+-------------------------------------------
     0 | D:1      | EnegeticOcto the Deep Dwarf Fighter began the quest for the
                  | Orb.
     0 | D:1      | Reached XP level 1. HP: 20/20 MP: 1/1
   170 | D:1      | Reached XP level 2. HP: 27/27 MP: 2/2
   324 | D:4      | Noticed Duvessa
   324 | D:4      | Noticed Dowan
   340 | D:4      | Killed Duvessa
   340 | D:4      | Reached skill level 3 in Axes
   340 | D:4      | Reached XP level 3. HP: 15/34 MP: 0/2
   340 | D:4      | Reached XP level 4. HP: 19/42 MP: 0/3
   357 | D:4      | Killed Dowan
   357 | D:4      | Reached skill level 4 in Axes
   357 | D:4      | Reached XP level 5. HP: 50/50 MP: 1/3
   570 | D:4      | Noticed a phantom
   587 | D:4      | Killed a phantom
   587 | D:4      | Reached XP level 6. HP: 49/57 MP: 4/4
   986 | D:5      | Entered Level 5 of the Dungeon
  1226 | D:5      | Reached skill level 5 in Axes
  1411 | D:5      | Reached XP level 7. HP: 54/66 MP: 5/5
  1490 | D:5      | Reached skill level 5 in Fighting
  1561 | D:5      | Reached skill level 5 in Armour
  1583 | D:5      | Found Kublaq's General Store.
  1588 | D:5      | Bought a potion of haste for 100 gold pieces
  1612 | D:5      | Reached skill level 5 in Shields
  1651 | D:5      | Reached skill level 6 in Axes
  1660 | D:5      | Found a stormy altar of Qazlal.
  2184 | D:6      | Found a hide-covered altar of Uskayaw.
  2184 | D:6      | Found a radiant altar of Vehumet.
  2185 | D:6      | Found a glowing silver altar of Zin.
  2186 | D:6      | Found an opulent altar of Gozag.
  2351 | D:6      | Reached XP level 8. HP: 43/76 MP: 3/3
  2763 | D:7      | Reached skill level 7 in Axes
  3021 | D:7      | Found a staircase to the Ecumenical Temple.
  3034 | Temple   | Entered the Ecumenical Temple
  3140 | Temple   | Became a worshipper of Makhleb the Destroyer
  3308 | D:7      | Found a shimmering blue altar of Sif Muna.
  3460 | D:8      | Reached skill level 1 in Invocations
  3463 | D:8      | Gained mutation: You passively map the area around you.
                  | [Deep Dwarf growth]
  3463 | D:8      | Reached XP level 9. HP: 74/85 MP: 3/3
  3622 | D:8      | Noticed a queen bee
  3641 | D:8      | Reached skill level 8 in Axes
  3650 | D:8      | Killed a queen bee
  3766 | D:8      | Reached * piety under Makhleb
  3816 | D:8      | Found a staircase to the Lair.
  3823 | D:8      | Found a sparkling altar of Nemelex Xobeh.
  3871 | D:8      | Reached skill level 5 in Invocations
  4274 | D:8      | Reached skill level 9 in Axes
  4433 | D:9      | Found Kuidoim's Food Shop.
  4486 | D:9      | Noticed Harold
  4505 | D:9      | Killed Harold
  4505 | D:9      | Reached XP level 10. HP: 56/96 MP: 3/3
  4708 | D:9      | Reached ** piety under Makhleb
  4733 | D:9      | Noticed a two-headed ogre
  4748 | D:9      | HP: 1/98 [two-headed ogre/+0 giant spiked club (23)]
  4755 | D:9      | Killed a two-headed ogre
  4915 | D:9      | Reached skill level 10 in Axes
  4970 | D:9      | Found a white marble altar of Elyvilon.
  5036 | D:9      | Found Jody Nuc's Assorted Antiques.
  5158 | D:10     | Entered Level 10 of the Dungeon
  5170 | D:10     | Found a staircase to the Orcish Mines.
  5487 | D:10     | Noticed Sonja
  5538 | D:10     | Reached XP level 11. HP: 89/104 MP: 2/2
  5648 | D:10     | Noticed an obsidian statue
  5846 | D:10     | Reached *** piety under Makhleb
  5958 | D:10     | Killed an unseen horror
  6363 | D:11     | Noticed a cyan ugly thing
  6394 | D:11     | Killed a cyan ugly thing
  6446 | D:11     | Noticed a two-headed ogre
  6458 | D:11     | Killed a two-headed ogre
  6458 | D:11     | Reached skill level 11 in Axes
  6476 | D:11     | Noticed Urug
  6494 | D:11     | Killed Urug
  6522 | D:11     | Noticed a two-headed ogre
  6553 | D:11     | Noticed a brown ugly thing
  6561 | D:11     | Killed a brown ugly thing
  6561 | D:11     | Reached skill level 10 in Invocations
  6597 | D:11     | Killed a two-headed ogre
  6682 | D:11     | Noticed a two-headed ogre
  6694 | D:11     | Killed a two-headed ogre
  6694 | D:11     | Reached skill level 10 in Fighting
  6740 | D:11     | Hit by a large rock thrown by a cyclops

Levels and vault maps discovered:
D:1:      zaba_arrival_water, layout_basic, minmay_tetromino_t4
D:2:      layout_rooms, first_ration, grunt_ministairs_9
D:3:      layout_loops_ring, uniq_crazy_yiuf_cottage
D:4:      layout_loops_cross, uniq_duvessa
D:5:      layout_loops_corners, lemuel_coloured_pillars_altar, serial_shops,
          shop
D:6:      layout_loops_ring, grunt_temple_overflow_open
D:7:      layout_basic, minmay_temple_entry_statues, lemuel_blue_sif_altar
D:8:      layout_basic, lemuel_crystal_altar, lair_entry_dummy, david_nohive_1,
          hangedman_decor_clover_reticule, minmay_radiant
D:9:      layout_loops_ring, serial_shops, nicolae_shop_window_shopping,
          nicolae_shop_trees, ebering_dispersal_statue_hall, elyvilon_altar_4,
          uniq_harold
D:10:     layout_cave_pods, orc_0_dummy, minivault_15, uniq_sonja
D:11:     layout_roguey, minmay_mirror_moons_of_madness, uniq_urug,
          uniq_josephine
Temple:   regret_index_temple_sphere_string

Skill      XL: |  1  2  3  4  5  6  7  8  9 10 11 |
---------------+----------------------------------+-----
Fighting       | 3 4 5 6 8 10 | 10.0
Axes           | 3 4 5 6 7 9 10 11 | 11.5
Armour         | 4 5 6 7 8 |  8.7
Shields        | 4 5 6 7 8 |  8.6
Invocations    | 1 6 8 10 | 10.4

Action                   |  1- 3 |  4- 6 |  7- 9 | 10-12 || total
-------------------------+-------+-------+-------+-------++-------
Melee: War axe           |    52 |   147 |   517 |   447 ||  1163
 Abil: Heal Wounds       |     1 |     2 |    34 |    21 ||    58
Evoke: Wand              |       |       |       |     3 ||     3
  Use: Scroll            |       |       |    16 |     3 ||    19
       Potion            |       |       |       |     2 ||     2
  Eat: Chunk             |       |     2 |    10 |    12 ||    24
       Ration            |       |       |     3 |     1 ||     4
Armor: Scale mail        |    31 |    66 |   125 |       ||   222
       Chain mail        |       |       |   155 |   248 ||   403
Dodge: Dodged            |    18 |    41 |   201 |    99 ||   359
Block: Kite shield       |    36 |    84 |   384 |   280 ||   784

Table legend:
 A = Non-vault XP
 B = Vault XP
 C = Vault XP percentage of total XP
 D = Non-vault monster count
 E = Vault monster count
 F = Vault count percentage of total count
                 A         B        C        D         E       F
            +---------+---------+-------+---------+---------+-------
      Total |   16614 |    5190 |  23.8 |     208 |      29 |  12.2
            +---------+---------+-------+---------+---------+-------
        D:1 |      12 |       0 |   0.0 |       9 |       0 |   0.0
        D:2 |       5 |       0 |   0.0 |       3 |       0 |   0.0
        D:3 |       9 |       0 |   0.0 |       5 |       0 |   0.0
        D:4 |     319 |     218 |  40.6 |      15 |       2 |  11.8
        D:5 |     657 |       0 |   0.0 |      24 |       0 |   0.0
        D:6 |     455 |       0 |   0.0 |       8 |       0 |   0.0
        D:7 |    1101 |       0 |   0.0 |      27 |       0 |   0.0
        D:8 |    1058 |    1485 |  58.4 |      26 |      18 |  40.9
        D:9 |    3069 |     950 |  23.6 |      21 |       1 |   4.5
       D:10 |    3943 |       0 |   0.0 |      46 |       0 |   0.0
       D:11 |    5986 |    2537 |  29.8 |      24 |       8 |  25.0
            +---------+---------+-------+---------+---------+-------
